Map: [ESL] Babylon

Players

Krystianer

  • Race: Protoss Protoss
  • Spawn Location: 11:00

Elazer - Winner!

  • Race: Zerg Zerg
  • Spawn Location: 5:00

Event: ESL SC2 Masters 2023 Summer (Regionals)

VOD

Have the link to the VOD?

Description

Time

  • Played on: May 6, 2023, 10:34 a.m.
  • Length: 10:23

All games in this series

Show
View Real Time Build Order
Export as new Build Order

Krystianer Protoss 

Build Orders: 1 Gate Expand, Oracle Opening 

Get SALT Encoding   

  12  0:00  Probe  
  13  0:13  Pylon  
  13  0:17  Probe (Chrono Boost)  
  14  0:31  Probe (Chrono Boost)  
  15  0:36  Probe (Chrono Boost)  
  15  0:40  Gateway  
  16  0:45  Probe  
  16  0:49  Assimilator  
  17  0:57  Probe  
  18  1:09  Probe  
  19  1:21  Probe  
  20  1:27  Nexus  
  20  1:37  Cybernetics Core  
  20  1:41  Probe  
  20  1:46  Assimilator  
  21  1:53  Probe  
  22  1:56  Pylon  
  22  2:05  Probe  
  23  2:11  Adept (Chrono Boost)  
  25  2:17  Probe  
  25  2:21  Stargate  
  26  2:26  Warp Gate  
  27  2:30  Probe (Chrono Boost)  
  27  2:35  Stalker  
  29  2:39  Probe (Chrono Boost)  
  29  2:42  Probe (Chrono Boost)  
  31  2:48  Probe (Chrono Boost)  
  31  2:49  Probe (Chrono Boost)  
  33  2:53  Probe (Chrono Boost)  
  33  2:56  Probe  
  35  3:02  Oracle (Chrono Boost)  
  38  3:05  Probe  
  38  3:11  Gateway  
  39  3:13  Probe  
  39  3:17  Probe  
  41  3:24  Gateway  
  41  3:28  Gateway  
  41  3:33  Twilight Council  
  41  3:35  Probe  
  41  3:36  Probe  
  43  3:47  Probe  
  44  3:48  Probe  
  44  3:51  Pylon  
  44  3:59  Probe  
  46  4:10  Pylon  
  46  4:11  Probe  
  46  4:15  Nexus  
  46  4:17  Pylon, Resonating Glaives (Chrono Boost)  
  46  4:19  Adept x2  
  50  4:25  Adept  
  50  4:27  Adept  
  50  4:30  Probe  
  55  4:31  Probe  
  56  4:40  Adept x2  
  56  4:43  Probe  
  61  4:46  Pylon  
  61  4:48  Adept x2  
  61  4:50  Probe  
  66  4:55  Probe  
  67  5:08  Adept x4  
  67  5:10  Probe  
  67  5:13  Forge  
  76  5:15  Pylon  
  76  5:18  Assimilator  
  77  5:23  Probe  
  77  5:28  Adept  
  77  5:29  Adept x2  
  77  5:32  Adept  
  77  5:33  Probe  
  86  5:37  Probe x2  
  81  5:45  Probe  
  81  5:49  Probe x2, Adept x2  
  78  5:55  Adept  
  75  6:10  Zealot x3  
  66  6:14  Shield Battery  
  66  6:15  Shield Battery  
  66  6:16  Shield Battery  
  63  6:20  Pylon, Stalker  
  63  6:22  Gateway  
  63  6:24  Gateway  
  65  6:27  Blink (Chrono Boost)  
  65  6:31  Stalker x3  
  71  6:35  Pylon  
  71  6:37  Protoss Ground Weapons Level 1 (Chrono Boost)  
  71  6:43  Stalker  
  71  6:45  Probe x2 (Chrono Boost)  
  76  6:47  Probe (Chrono Boost)  
  76  6:55  Assimilator  
  76  6:57  Probe x2 (Chrono Boost)  
  79  7:02  Probe (Chrono Boost), Stalker  
  79  7:03  Probe x2 (Chrono Boost), Stalker  
  79  7:07  Stalker  
  87  7:11  Probe  
  87  7:12  Probe  
  87  7:13  Stalker  
  87  7:14  Probe  
  92  7:20  Stalker  
  92  7:22  Pylon  
  94  7:23  Probe, Stalker  
  94  7:27  Stalker  
  94  7:29  Probe  
  100  7:35  Pylon  
  100  7:41  Stalker x3  
  106  7:51  Nexus  
  106  7:55  Probe x2  
  106  7:57  Pylon  
  108  8:06  Gateway  
  108  8:08  Stalker x4  
  108  8:10  Probe x2  
  108  8:12  Probe  
  119  8:17  Stalker x2  
  123  8:21  Pylon  
  123  8:22  Probe x2  
  125  8:29  Charge (Chrono Boost)  
  125  8:30  Gateway  
  125  8:34  Gateway  
  125  8:35  Probe  
  126  8:43  Stalker x2  
  126  8:47  Shield Battery  
  130  8:49  Photon Cannon  
  130  8:51  Probe x2  
  130  8:52  Probe  
  130  8:53  Oracle (Chrono Boost)  
  133  9:00  Stalker  
  133  9:02  Photon Cannon  
  138  9:05  Probe x2  
  141  9:10  Probe  
  141  9:12  Assimilator x2  
  141  9:14  Assimilator  
  141  9:15  Zealot x2, Assimilator  
  145  9:22  Stalker x3  
  151  9:26  Probe x2  
  151  9:29  Stalker  
  155  9:32  Pylon  
  155  9:44  Pylon  
  155  9:45  Pylon  
  155  9:49  Templar Archives  
  155  9:50  Robotics Facility  
  155  9:51  Stalker x2  
  159  9:57  Stalker x2  
  143  10:08  Zealot x5  
  143  10:10  Probe  
  116  10:14  Zealot x2  
Show
View Real Time Build Order
Export as new Build Order

Elazer Zerg - Winner!

Build Orders: Hatch First 

Get SALT Encoding   

  12  0:00  Drone  
  13  0:12  Overlord  
  13  0:16  Drone  
  14  0:30  Drone x2  
  16  0:48  Hatchery  
  15  0:51  Drone  
  15  0:55  Drone  
  17  0:58  Drone  
  18  1:09  Extractor  
  17  1:13  Spawning Pool  
  17  1:17  Drone  
  17  1:20  Drone  
  18  1:27  Drone  
  19  1:38  Drone  
  20  1:49  Overlord  
  20  2:00  Queen x2  
  20  2:01  Drone, Zergling x2  
  26  2:11  Drone, Zergling x2, Metabolic Boost  
  28  2:21  Zergling x2  
  28  2:22  Drone  
  30  2:31  Drone  
  30  2:32  Drone  
  32  2:37  Queen  
  32  2:43  Drone, Overlord  
  35  2:53  Hatchery  
  34  3:00  Queen  
  34  3:02  Drone  
  37  3:06  Drone x2  
  37  3:09  Drone x2  
  41  3:17  Drone x3  
  41  3:19  Overlord  
  44  3:28  Overlord  
  44  3:37  Queen  
  44  3:40  Drone  
  44  3:41  Queen  
  47  3:42  Drone  
  47  3:44  Drone x2  
  47  3:46  Drone x2  
  54  3:50  Drone x3  
  54  3:53  Overlord  
  57  4:01  Drone  
  58  4:04  Overlord  
  58  4:05  Overlord  
  58  4:11  Drone  
  58  4:13  Drone x3  
  62  4:21  Queen  
  62  4:22  Overlord  
  62  4:23  Drone x2  
  66  4:32  Roach Warren  
  66  4:33  Zergling x6  
  66  4:35  Zergling x4  
  66  4:37  Zergling x2  
  66  4:38  Zergling x6  
  74  4:42  Zergling x6  
  77  4:47  Hatchery  
  77  4:49  Lair  
  77  4:51  Overlord  
  76  4:54  Zergling x6  
  76  4:56  Zergling x4  
  80  5:01  Overlord  
  80  5:06  Overlord  
  78  5:07  Drone x4  
  78  5:12  Roach  
  78  5:13  Roach x3  
  90  5:17  Roach  
  90  5:20  Roach  
  94  5:22  Roach  
  94  5:28  Roach  
  97  5:39  Roach  
  97  5:40  Roach  
  97  5:41  Zergling x2  
  97  5:42  Zergling x16  
  88  5:56  Roach  
  81  6:03  Zergling x12  
  80  6:10  Zergling x14  
  80  6:17  Overlord  
  80  6:18  Zergling x8  
  84  6:23  Drone x2  
  84  6:25  Drone  
  87  6:30  Drone  
  87  6:31  Drone x2  
  90  6:36  Drone x4  
  94  6:40  Drone  
  94  6:44  Drone x2  
  97  6:48  Drone x3  
  97  6:49  Drone  
  97  6:51  Drone x4  
  97  6:53  Drone  
  106  6:56  Drone  
  105  7:05  Drone x4  
  109  7:09  Drone  
  109  7:11  Glial Reconstitution  
  109  7:12  Drone x4  
  109  7:15  Drone x5  
  118  7:16  Drone  
  118  7:17  Evolution Chamber  
  118  7:18  Drone  
  118  7:22  Overlord x2  
  119  7:27  Extractor x2  
  119  7:28  Overlord  
  119  7:29  Extractor, Drone x2  
  118  7:36  Overlord, Drone x2  
  118  7:40  Drone x5  
  118  7:42  Overlord  
  118  7:43  Zerg Melee Weapons Level 1  
  123  7:44  Drone x7  
  130  7:51  Extractor  
  130  7:52  Overlord  
  130  7:53  Extractor  
  130  7:54  Zergling x10  
  133  7:59  Overlord  
  133  8:04  Drone, Baneling Nest  
  133  8:07  Overlord  
  133  8:08  Ravager  
  133  8:09  Ravager  
  133  8:10  Zergling x14  
  142  8:16  Drone  
  142  8:17  Drone x2  
  142  8:19  Drone x2  
  146  8:21  Ravager x2  
  146  8:23  Roach x2  
  146  8:26  Overlord x3  
  152  8:30  Hatchery  
  152  8:32  Roach x4  
  159  8:40  Roach x2  
  159  8:41  Roach x2  
  167  8:42  Overlord x3  
  167  8:48  Centrifugal Hooks  
  167  8:57  Zergling x18  
  176  9:05  Roach x4  
  184  9:10  Zergling x8  
  184  9:11  Zergling x6  
  191  9:17  Zergling x14  
  198  9:28  Baneling x7  
  198  9:33  Zergling x4  
  198  9:37  Baneling x23  
  200  9:41  Overlord  
  200  9:44  Baneling  
  200  9:45  Baneling x4  
  200  9:48  Baneling x2  
  200  9:49  Baneling  
  200  9:50  Baneling  
Tags
 
Add a new tag
Caveats
  • Supply blocks, unpowered buildings, or Contaminate may cause inaccurate times.
  • Supply counts are checked every 10 seconds.